 Dungeon Crawl Stone Soup version 0.29.1-12-g30fa7ad0bf (webtiles) character file.

Game seed: 13328224986418920960

103 Descartes the Firebug (level 4, -1/24 HPs)
             Began as a Deep Elf Fire Elementalist on Jan 16, 2023.
             Slain by Crazy Yiuf
             ... wielding a +3 quarterstaff of chaos
              (13 damage)
             ... on level 2 of the Dungeon.
             The game lasted 00:04:02 (2621 turns).

Descartes the Firebug (Deep Elf Fire Elementalist)  Turns: 2621, Time: 00:04:02

Health: -1/24      AC:  3    Str:  5    XL:     4   Next: 51%
Magic:  11/11      EV: 13    Int: 22    God:
Gold:   59         SH:  0    Dex: 15    Spells: 9/10 levels left

rFire   . . .      SeeInvis .   i - +2 dagger (venom)
rCold   . . .      Faith    .   (no shield)
rNeg    . . .      Spirit   .   a - +0 robe
rPois   .          Reflect  .   g - +0 helmet
rElec   .          Harm     .   (no cloak)
rCorr   .          Rampage  .   (no gloves)
Will    .....                   (no boots)
Stlth   ++........              (no amulet)
HPRegen 0.08/turn               (no ring)
MPRegen 0.12/turn               (no ring)

@: no status effects
A: no striking features
a: no special abilities


You were on level 2 of the Dungeon.
You visited 1 branch of the dungeon, and saw 2 of its levels.

You collected 59 gold pieces.

Inventory:

Hand Weapons
 i - a +2 dagger of venom (weapon)
 l - a +2 dagger of pain
Armour
 a - a +0 robe (worn)
 g - a +0 helmet (worn)
Scrolls
 c - 2 scrolls of enchant armour {unknown}
 e - 4 scrolls of identify {unknown}
 f - a scroll of amnesia {unknown}
 h - 2 scrolls of immolation {unknown}
 k - a scroll of teleportation {unknown}
 m - 2 scrolls of vulnerability {unknown}
 n - a scroll of brand weapon {unknown}
 o - a scroll of silence {unknown}
 r - a scroll of enchant weapon {unknown}
Potions
 b - a potion of magic
 d - a potion of flight {unknown}
 j - a potion of attraction {unknown}
 p - a potion of curing {unknown}
 q - a potion of ambrosia {unknown}
 s - a potion of heal wounds {unknown}


   Skills:
 + Level 3.3 Dodging
 + Level 3.5 Stealth
 + Level 3.9 Spellcasting
 + Level 2.3 Conjurations
 + Level 3.9 Fire Magic


You had 9 spell levels left.
You knew the following spells:

 Your Spells              Type           Power      Damage    Failure   Level
a - Foxfire               Conj/Fire      72%        2x1d7     3%          1

Your spell library contained the following spells:

 Spells                   Type           Power      Damage    Failure   Level
 Scorch                   Fire           42%        2d7       3%          2
 Conjure Flame            Conj/Fire      18%        6-21      10%         3
 Inner Flame              Hex/Fire       13%        N/A       16%         3
 Sublimation of Blood     Necr           4%         N/A       17%         2
 Wereblood                Tmut           4%         N/A       17%         2
 Flame Wave               Conj/Fire      18%        2d7       30%         4
 Summon Hydra             Summ           2%         N/A       100%        7


Dungeon Overview and Level Annotations

Branches:
Dungeon (2/15)

Altars:

Annotations:
D:2 Crazy Yiuf


Message History

Robin is moderately wounded.
The foxfire hits Robin!
Robin is almost dead.
Robin closely misses you.
Unknown command.
Casting: Foxfire (safe; 3% risk of failure)
Confirm with . or Enter, or press ? or * to list all spells.
You conjure some foxfire!
Robin hits you with a +0 dagger.
The foxfire hits Robin.
Robin is almost dead.
The foxfire hits Robin.
You kill Robin!
Your foxfire dissipates!
Your foxfire dissipates!
HP restored.
Items here: ) [[ †.
Found a stone staircase leading down.
You see here 6 stones.
You enter the shallow water.
Moving in this stuff is going to be slow.
r - a scroll labelled KEEQOMO QIAL
Found a ring mail.
Casting: Foxfire (safe; 3% risk of failure)
Confirm with . or Enter, or press ? or * to list all spells.
You conjure some foxfire!
Your foxfire dissipates! x2
You now have 59 gold pieces (gained 9).
You see here a +0 ring mail.
s - a coppery potion
Found a hammer.
Found a runed translucent door.
Crazy Yiuf shouts!
You open the door.
Crazy Yiuf drinks a potion.
Crazy Yiuf seems to speed up.
Crazy Yiuf says, "Whiteboard sallow illywillydillykilly!"
Crazy Yiuf screams, "Proton horse noodlescoop!"
Crazy Yiuf hits you with a +3 quarterstaff of chaos!
Crazy Yiuf freezes you. Crazy Yiuf attacks as you move away!
Crazy Yiuf barely misses you.
Crazy Yiuf hits you with a +3 quarterstaff of chaos!
Ouch! That really hurt!
You die...

#'# #.......[# #.##
########## ##.#
##### #.## ###...#
##.# #.#÷..# ##.##
#.o...# ##...#
#†#.### #..g.# #.#<#
#..@.# #o###
#....###..#
#...##.##>#########
##.....##......†oK##
####..##########...
##.# #### #.# #.#
#.# ####.# #.#
#....#


You could see Crazy Yiuf (fast).

Vanquished Creatures
  Robin (D:2)
  3 adders (D:2)
  A worm (D:2)
  A dart slug (D:1)
  12 ball pythons
  4 endoplasms
  2 giant cockroaches
  8 hobgoblins
  2 kobolds (D:1)
  2 bats (D:1)
  3 frilled lizards
  13 goblins
  2 rats (D:1)
  A spectral hobgoblin (D:2)
55 creatures vanquished.

Vanquished Creatures (others)
  148 foxfires
148 creatures vanquished.

Grand Total: 203 creatures vanquished

Notes
Turn   | Place    | Note
-------+----------+-------------------------------------------
     0 | D:1      | Descartes the Deep Elf Fire Elementalist began the quest
                  | for the Orb.
     0 | D:1      | Reached XP level 1. HP: 10/10 MP: 6/6
   353 | D:1      | Reached XP level 2. HP: 15/15 MP: 6/8
  1296 | D:1      | Reached XP level 3. HP: 19/19 MP: 7/9
  2202 | D:2      | Reached XP level 4. HP: 24/24 MP: 8/11
  2275 | D:2      | Found a faded altar of an unknown god.
  2301 | D:2      | Noticed Robin
  2331 | D:2      | Killed Robin
  2610 | D:2      | Found a runed translucent door.
  2611 | D:2      | Noticed Crazy Yiuf
  2621 | D:2      | Slain by Crazy Yiuf

Illustrated notes

Levels and vault maps discovered:
D:1:      scummos_arrival_hexagon, layout_basic
D:2:      layout_basic, dreamdust_ecumenical_altar_drowned_temple,
          uniq_crazy_yiuf_cottage, uniq_robin

Skill      XL: |  1  2  3 |
---------------+----------+-----
Stealth        | 3 |  3.5
Dodging        | 3 |  3.3
Conjurations   | 2 |  2.3
Spellcasting   | |  3.9
Fire Magic     | |  3.9

Action                   |  1- 3 |  4- 6 || total
-------------------------+-------+-------++-------
Melee: Dagger            |       |     1 ||     1
 Cast: Foxfire           |    72 |    17 ||    89
Armor: Robe              |     4 |     5 ||     9
Dodge: Dodged            |    29 |     8 ||    37
